 Dungeon Crawl Stone Soup version 0.31-a0-840-g6d2ecbb638 (webtiles) character file.

Game seed: 7095244255592820298

50 Ivernyr the Twirler (level 3, -6/19 HPs)
             Began as a Vine Stalker Gladiator on Sept 27, 2023.
             Mangled by a gnoll
             ... wielding a +1 whip of distortion
              (16 damage)
             ... on level 2 of the Dungeon.
             The game lasted 00:03:42 (1203 turns).

Ivernyr the Twirler (Vine Stalker Gladiator)        Turns: 1203, Time: 00:03:43

Health: -6/19      AC: 17    Str: 18    XL:     3   Next: 79%
Magic:  0/4        EV:  8    Int:  8    God:
Gold:   101        SH:  0    Dex: 15    Spells: 2/2 levels left

rFire   + + .        a - +0 quarterstaff
rCold   . . .        (shield currently unavailable)
rNeg    . . .        b - +7 chain mail of Hide-and-Seek {rF++}
rPois   .            c - +0 helmet
rElec   .            (no cloak)
rCorr   .            j - +0 pair of gloves
SInv    .            (no boots)
Will    .....        (no amulet) Stlth
                     (no ring)
HPRegen 1.03/turn    (no ring)
MPRegen 0.09/turn

%: guardian spirit
@: no status effects
A: fangs 2, regeneration 1, magic shield, antimagic bite, no potion heal 2
a: no special abilities


You were on level 2 of the Dungeon.
You visited 1 branch of the dungeon, and saw 2 of its levels.
You visited the Abyss 1 time.

You collected 101 gold pieces.

Inventory:

Hand Weapons
 a - a +0 quarterstaff (weapon)
Missiles
 d - 3 throwing nets (quivered)
 e - a javelin
Armour
 b - the +7 chain mail of Hide-and-Seek (worn) {rF++}
   (You found it on level 2 of the Dungeon)

   rF++:      It greatly protects you from fire.
 c - a +0 helmet (worn)
 j - a +0 pair of gloves (worn)
Scrolls
 f - a scroll of teleportation {unknown}
Potions
 g - a potion of attraction {unknown}
 h - a potion of haste {unknown}
 i - 3 potions of curing {unknown}
 k - a potion of brilliance {unknown}


   Skills:
 * Level 2.9 Fighting
 + Level 3.1 Staves
 - Level 1.7 Throwing
 + Level 0.1 Armour
 - Level 2.7 Dodging


You had 2 spell levels left.
You didn't know any spells.
Your spell library contained the following spells:

 Spells                   Type           Power      Damage    Failure   Level
 Slow                     Hex            0%         N/A       99%         1
 Static Discharge         Conj/Air       0%         2-2/arc   100%        2
 Confusing Touch          Hex            0%         N/A       100%        3
 Sigil of Binding         Hex            0%         N/A       100%        3
 Vampiric Draining        Necr           0%         2d6       100%        3
 Airstrike                Air            0%         2d(0-16)  100%        4
 Summon Lightning Spire   Summ/Air       0%         N/A       100%        4


Dungeon Overview and Level Annotations

Branches:
Dungeon (2/15)

Altars:
Ashenzari


Innate Abilities, Weirdness & Mutations

You have extremely sharp teeth.
Your natural rate of healing is unusually fast.
When hurt, damage is shared between your health and your magic reserves.
Your bite disrupts and absorbs the magic of your enemies.
Potions cannot restore your health.


Message History

The gnoll hits you but does no damage.
The gnoll hits you with a +1 whip of distortion.
You are cast into the Abyss!
This branch contains the abyssal rune of Zot.
Found a corrupted altar of Lugonu.
Found a gateway leading out of the Abyss.
Found two portals.
There is a gateway leading out of the Abyss here.
You pass through the gate.
Welcome back to the Dungeon!
The gnoll hits you but does no damage.
The teleport trap disappears.
The gnoll disappears!
The gnoll barely misses you.
You hit the gnoll. Your bite misses the gnoll.
The gnoll is severely wounded.
The gnoll barely misses you. x2
Unknown command.
The gnoll hits you but does no damage. The gnoll attacks as it pursues you!
The gnoll hits you but does no damage. The gnoll attacks as it pursues you!
The gnoll closely misses you.
You closely miss the gnoll. You bite the gnoll. You drain its power.
The gnoll is heavily wounded.
The gnoll hits you but does no damage.
You hit the gnoll.
The gnoll is severely wounded.
The gnoll hits you but does no damage. The gnoll barely misses you.
Unknown command.
You barely miss the gnoll.
The gnoll is heavily wounded.
The gnoll barely misses you. x2
You barely miss the gnoll.
The gnoll is heavily wounded.
The gnoll hits you but does no damage.
The gnoll hits you with a +1 whip of distortion!
Space warps around you. The gnoll hits you but does no damage.
You hit the gnoll. You bite the gnoll. You drain its power.
You feel invigorated.
The gnoll is almost dead.
The gnoll hits you but does no damage. Space warps horribly around you!!
Ouch! That really hurt!
You die...

#....#.# # #...).# ...
###.....#.....
####....#....._..#
..........
#......###.......#
.......... #.##.#.#
#.#.....# .......... ..
#....# #.....###
.......<.. . ##gg###
#..#### ..........
##.@.####...#
#.........#.##..#.......##
#..................####.#
................†..†....#
#...............#.#######
#.........#######.#
#........### #[#
...........#### #.#
..............###.#


You could see 2 gnolls.

Vanquished Creatures
  A gnoll (D:2)
  An adder (D:2)
  5 bats
  3 endoplasms
  2 giant cockroaches
  4 goblins
  2 hobgoblins (D:1)
  2 jackals (D:1)
  A quokka (D:2)
  2 frilled lizards (D:1)
  4 kobolds
  2 rats (D:1)
29 creatures vanquished.

Notes
Turn   | Place    | Note
-------+----------+-------------------------------------------
     0 | D:1      | Ivernyr the Vine Stalker Gladiator began the quest for the
                  | Orb.
     0 | D:1      | Reached XP level 1. HP: 11/11 MP: 2/2
    98 | D:1      | Reached XP level 2. HP: 15/15 MP: 1/3
   292 | D:1      | Found a faded altar of an unknown god.
   685 | D:1      | Reached skill level 3 in Staves
   784 | D:1      | Reached XP level 3. HP: 19/19 MP: 4/4
  1093 | D:2      | Identified the +7 chain mail of Hide-and-Seek {rF++}
  1134 | D:2      | Found a broken altar of Ashenzari.
  1163 | Abyss:1  | Cast into level 1 of the Abyss (gnoll)
  1164 | Abyss:1  | Found a corrupted altar of Lugonu.
  1192 | D:2      | Escaped the Abyss
  1203 | D:2      | Mangled by a gnoll

Illustrated notes

Levels and vault maps discovered:
D:1:      tarquinn_simple_flora_water_d, layout_basic,
          chequers_ecumenical_altar_simple
D:2:      layout_rooms, basic_altar, st_stairs_13, uniq_jessica

Skill      XL: |  1  2 |
---------------+-------+-----
Fighting       | 2 |  2.9
Staves         | 3 |  3.1
Throwing       | |  1.7
Armour         | |  0.1
Dodging        | |  2.7

Action                     || total
---------------------------++-------
  Melee: Quarterstaff      ||    73
         Bite              ||    14
 Armour: Leather armour    ||    31
         Chain mail        ||    20
  Dodge: Dodged            ||    52

Table legend: (Time is in decaauts)
 A = Elapsed time spent in this place.
 B = Non-inter-level travel time spent in this place.
 C = Inter-level travel time spent in this place.
 D = Time resting spent in this place.
 E = Time spent auto-exploring this place.
 F = Levels seen in this place.
 G = Mean time per level.
                   A        B        C        D        E       F      G
               +--------+--------+--------+--------+--------+-----+--------+
         Total |   1213 |   1122 |     91 |      0 |    817 |   3 |  404.3 |
       Dungeon |   1185 |   1094 |     91 |      0 |    817 |   2 |  592.5 |
         Abyss |     28 |     28 |      0 |      0 |      0 |   1 |   28.0 |
               +--------+--------+--------+--------+--------+-----+--------+

Top non-repeatable levels by time:
     D:1: 991 daAuts
     D:2: 194 daAuts
 Abyss:1: 28 daAuts
